 Dungeon Crawl Stone Soup version 0.24-a0-616-ge2a249a (webtiles) character file.

Game seed: 12573766101059588789, levelgen mode: deterministic

227 Spazmo the Magician (level 5, -4/28 HPs)
             Began as a Deep Elf Fire Elementalist on Sept 13, 2019.
             Slain by a mummy (17 damage)
             ... in an ossuary.
             The game lasted 00:07:51 (2874 turns).

Spazmo the Magician (Deep Elf Fire Elementalist)    Turns: 2874, Time: 00:07:52

Health: -4/28      AC:  2    Str:  5    XL:     5   Next: 70%
Magic:  0/14       EV: 13    Int: 21    God:
Gold:   182        SH:  0    Dex: 15    Spells: 4/14 levels left

rFire    + + .     SeeInvis .   o - +2 mace (protect)
rCold    . . .     Gourm    .   (no shield)
rNeg     . . .     Faith    .   a - +0 robe
rPois    .         Spirit   .   (no helmet)
rElec    .         Reflect  .   (no cloak)
rCorr    .         Harm     .   (no gloves)
MR       .....                  (no boots)
Stlth    ++........             (no amulet)
HPRegen  0.09/turn              p - ring of protection from fire
MPRegen  0.14/turn              q - ring of protection from fire

@: marked
A: no striking features
a: no special abilities


You were in an ossuary.
You were not hungry.

You visited 1 branch of the dungeon, and saw 4 of its levels.
You also visited: Ossuary.

You collected 182 gold pieces.

Inventory:

Hand Weapons
 o - a +2 mace of protection (weapon)
Missiles
 i - 70 stones (quivered)
Armour
 a - a +0 robe (worn)
Jewellery
 p - a ring of protection from fire (left hand)
 q - a ring of protection from fire (right hand)
Scrolls
 b - 2 scrolls of teleportation
 g - 5 scrolls of remove curse
 l - a scroll of identify
 m - a scroll of magic mapping
Potions
 d - a potion of agility
 e - a potion of flight
 f - 3 potions of heal wounds
 h - a potion of ambrosia {unknown}
 j - a potion of curing {unknown}
 k - a potion of berserk rage {unknown}
Comestibles
 c - 7 rations
 n - 2 chunks of flesh


   Skills:
 - Level 2.4 Dodging
 - Level 2.4 Stealth
 + Level 5.2 Spellcasting
 + Level 3.6 Conjurations
 + Level 4.9 Fire Magic


You had 4 spell levels left.
You knew the following spells:

 Your Spells              Type           Power        Failure   Level  Hunger
a - Flame Tongue          Conj/Fire      ###..        1%          1    None
b - Throw Flame           Conj/Fire      ###...       2%          2    None
c - Conjure Flame         Conj/Fire      ###.....     5%          3    ##.....
d - Sticky Flame          Conj/Fire      ###.....     19%         4    ####...

Your spell library contained the following spells:

 Spells                   Type           Power        Failure   Level  Hunger
 Magic Dart               Conj           ###.         2%          1    None
 Confusing Touch          Hex            #.....       11%         1    None
 Inner Flame              Hex/Fire       ###.....     12%         3    ##.....
 Blink                    Tloc           N/A          16%         2    None
 Call Imp                 Summ           #.......     16%         2    None
 Slow                     Hex            #.......     16%         2    None
 Mephitic Cloud           Conj/Pois/Air  ##......     19%         3    ##.....
 Confuse                  Hex            #.......     32%         3    ##.....
 Gell's Gravitas          Tloc           #.........   32%         3    ##.....
 Petrify                  Tmut/Erth      #.......     71%         4    ####...
 Fireball                 Conj/Fire      ###.......   45%         5    #####..
 Metabolic Englaciation   Hex/Ice        #.........   96%         5    #####..
 Yara's Violent Unravell  Hex/Tmut       #.........   96%         5    #####..


Dungeon Overview and Level Annotations

Branches:
Dungeon (4/15)            Ossuary (1/1)
 Temple: D:4-7

Altars:


Message History

Casting: Flame Tongue (safe; 1% risk of failure)
Confirm with . or Enter, or press ? or * to list all spells.
You don't have enough magic to cast that spell.
The mummy completely misses you. The mummy hits you.
The big kobold zombie hits you.
Casting: Flame Tongue (safe; 1% risk of failure)
Confirm with . or Enter, or press ? or * to list all spells.
Aiming: Flame Tongue (safe; 1% risk of failure)
Press: ? - help, Shift-Dir - straight line, f - big kobold zombie
Aim: a big kobold zombie The flame tongue hits the big kobold zombie!
The big kobold zombie is lightly damaged.
The big kobold zombie barely misses you.
The big kobold zombie sets off the alarm!
The alarm trap emits a blaring wail!
A sentinel's mark forms upon you. The mummy hits you!
Ouch! That really hurt!
You die...

#####
##...##
#.....#
#.....#
#.....#
#..M..#
#.@Z..#
#.....#
#..∩..#
#.....#
#..^..#
#..^..#
...^^..
##Z....##
.^..^.Z


You could see a mummy and 2 big kobold zombies.

Vanquished Creatures
  An iguana (D:3)
  3 mummies
  Robin (D:4)
  6 adders
  3 dart slugs
  3 leopard geckos
  5 orcs (D:3)
  A ball python (D:2)
  5 bats
  3 giant cockroaches
  8 goblins
  11 hobgoblins
  6 jackals
  A quokka (D:3)
  6 frilled lizards
  10 kobolds
  13 rats
86 creatures vanquished.

Notes
Turn   | Place    | Note
-------+----------+-------------------------------------------
     0 | D:1      | Spazmo the Deep Elf Fire Elementalist began the quest for
                  | the Orb.
     0 | D:1      | Reached XP level 1. HP: 10/10 MP: 6/6
   243 | D:1      | Reached XP level 2. HP: 15/15 MP: 4/8
   247 | D:1      | Learned a level 2 spell: Throw Flame
   726 | D:2      | Reached XP level 3. HP: 14/19 MP: 5/10
   731 | D:2      | Learned a level 3 spell: Conjure Flame
   925 | D:2      | Reached skill level 4 in Spellcasting
  1586 | D:3      | Reached XP level 4. HP: 24/24 MP: 10/12
  1592 | D:3      | Learned a level 4 spell: Sticky Flame
  2039 | D:3      | Reached XP level 5. HP: 4/28 MP: 0/14
  2716 | D:4      | Got an iridescent spear
  2717 | D:4      | Identified the cursed +0 spear of Kacrueh {drain, Str+4}
                  | (You found it on level 4 of the Dungeon)
  2735 | D:4      | Noticed Robin
  2744 | D:4      | Reached skill level 5 in Spellcasting
  2780 | D:4      | Killed Robin
  2809 | D:4      | Found a sand-covered staircase.
  2850 | Ossuary  | Entered an ossuary
  2874 | Ossuary  | Slain by a mummy

Levels and vault maps discovered:
D:1:      minmay_arrival_five_plusses, layout_basic, chequers_jeans,
          minmay_misc_feat_nine_boxes, minmay_indecisive_spiral
D:2:      layout_basic, first_ration, lightli_corner_chamber
D:3:      layout_basic
D:4:      layout_basic, trog_eyes_of_draining, yredelemnul_altar_generic,
          gup_ossuary_entry_pyramid, serial_park_tiny_pond, uniq_robin
Ossuary:  ossuary_the_hunt_dpeg

Skill      XL: |  1  2  3  4  5 |
---------------+----------------+-----
Conjurations   | 2 3 |  3.6
Spellcasting   | 4 5 |  5.2
Fire Magic     | 4 |  4.9
Dodging        | |  2.4
Stealth        | |  2.4

Action                   |  1- 3 |  4- 6 || total
-------------------------+-------+-------++-------
Melee: Dagger            |     9 |       ||     9
       Mace              |       |     3 ||     3
 Cast: Flame Tongue      |    65 |    87 ||   152
       Throw Flame       |     2 |     4 ||     6
  Use: Scroll            |     8 |     5 ||    13
       Potion            |     1 |       ||     1
 Stab: Sleeping          |     1 |       ||     1
  Eat: Chunk             |     2 |     4 ||     6
Armor: Robe              |     2 |     4 ||     6
Dodge: Dodged            |    18 |    20 ||    38

Table legend:
 A = Non-vault XP
 B = Vault XP
 C = Vault XP percentage of total XP
 D = Non-vault monster count
 E = Vault monster count
 F = Vault count percentage of total count
                 A         B        C        D         E       F
            +---------+---------+-------+---------+---------+-------
      Total |     231 |      94 |  28.9 |      69 |      17 |  19.8
            +---------+---------+-------+---------+---------+-------
        D:1 |      30 |       5 |  14.3 |      17 |       3 |  15.0
        D:2 |      59 |       0 |   0.0 |      20 |       0 |   0.0
        D:3 |     129 |       0 |   0.0 |      31 |       0 |   0.0
        D:4 |      13 |      53 |  80.3 |       1 |      12 |  92.3
    Ossuary |       0 |      36 | 100.0 |       0 |       2 | 100.0
            +---------+---------+-------+---------+---------+-------
